 Dungeon Crawl Stone Soup version 0.29-a0-994-gc5c9f59d18 (webtiles) character file.

Game seed: 13084933707299987924

1348 RevDB the Thaumaturge (level 8, -3/41 HPs)
             Began as a Deep Elf Conjurer on Aug 3, 2022.
             Was a Follower of Sif Muna.
             Slain by an orc
             ... wielding a +0 flail
              (4 damage)
             ... on level 5 of the Dungeon.
             The game lasted 00:35:24 (5482 turns).

RevDB the Thaumaturge (Deep Elf Conjurer)           Turns: 5482, Time: 00:35:27

Health: -3/41      AC:  5    Str:  4    XL:     8   Next: 36%
Magic:  0/23       EV: 11    Int: 26    God:    Sif Muna [*.....]
Gold:   344        SH:  0    Dex: 13    Spells: 14/25 levels left

rFire   + . .      SeeInvis .   B - +2 rapier (venom)
rCold   . . .      Faith    .   (no shield)
rNeg    . . .      Spirit   +   w - +1 leather armour {Will+}
rPois   .          Reflect  .   (no helmet)
rElec   .          Harm     .   E - +0 cloak {Will+}
rCorr   .          Rampage  .   (no gloves)
Will    ++...                   (no boots)
Stlth   ++........              A - amulet of guardian spirit
HPRegen 0.13/turn               G - ring of protection from fire
MPRegen 0.18/turn               (no ring)

@: no status effects
A: no striking features
a: Renounce Religion, Channel Magic


You were on level 5 of the Dungeon.
You worshipped Sif Muna.
Sif Muna was aware of your devotion.
You visited 2 branches of the dungeon, and saw 6 of its levels.
You also visited: Sewer.

You collected 344 gold pieces.

Inventory:

Hand Weapons
 e - a +0 short sword
 u - a +0 quarterstaff
 B - a +2 rapier of venom (weapon)
Missiles
 s - a throwing net
Armour
 a - a +0 robe
 w - a +1 leather armour of willpower (worn)
 E - a +0 cloak of willpower (worn)
Jewellery
 A - an amulet of guardian spirit (around neck)
 G - a ring of protection from fire (left hand)
Wands
 q - a wand of flame (55)
 v - a wand of digging (7)
 D - a wand of quicksilver (13)
Scrolls
 f - a scroll of fog {unknown}
 g - 4 scrolls of teleportation
 j - 4 scrolls of poison
 o - 2 scrolls of torment {unknown}
 x - a scroll of blinking {unknown}
 y - 2 scrolls of amnesia
 z - a scroll of magic mapping
 F - 2 scrolls of fear
Potions
 b - a potion of magic
 c - a potion of brilliance {unknown}
 d - a potion of haste
 h - 3 potions of flight
 i - 2 potions of heal wounds
 k - 2 potions of berserk rage
 l - a potion of might {unknown}
 m - 2 potions of invisibility
 n - a potion of curing {unknown}
 p - a potion of lignification {unknown}
 r - 2 potions of attraction
 t - 3 potions of mutation {unknown}
 C - a potion of resistance {unknown}


   Skills:
 - Level 3.0 Dodging
 - Level 2.4 Stealth
 - Level 9.0 Spellcasting
 - Level 6.0 Conjurations
 - Level 7.0 Hexes
 - Level 3.0 Translocations
 + Level 2.9 Invocations


You had 14 spell levels left.
You knew the following spells:

 Your Spells              Type           Power      Damage    Failure   Level
a - Magic Dart            Conj           100%       1d8       1%          1
b - Searing Ray           Conj           84%        2d7       1%          2
c - Fulminant Prism       Conj/Hex       22%        3d13      6%          4
d - Iskenderun's Mystic   Conj/Tloc      35%        2d8       14%         4

Your spell library contained the following spells:

 Spells                   Type           Power      Damage    Failure   Level
 Dazzling Flash           Conj/Hex       90%        N/A       1%          3


Dungeon Overview and Level Annotations

Branches:
Dungeon (5/15)             Temple (1/1) D:4           Sewer (visited)

Altars:
Ashenzari
Cheibriados
Dithmenos
Elyvilon
Fedhas
Hepliaklqana
Makhleb
Nemelex Xobeh
Okawaru
Ru
Sif Muna
Trog
Uskayaw
Vehumet
Zin
The Shining One


Message History

You kill the white imp!
Sif Muna accepts your kill.
The blast of energy engulfs the orc warrior!
The orc warrior is severely wounded.
The searing ray hits the orc warrior but does no damage.
The orc warrior is severely wounded.
The searing ray misses the orc warrior.
The searing ray misses the orc.
You finish channelling your searing ray.
The orc warrior closely misses you.
Casting: Searing Ray (safe; 1% risk of failure)
Confirm with . or Enter, or press ? or * to list all spells.
Aiming: Searing Ray (safe; 1% risk of failure)
Press: ? - help, Shift-Dir - straight line, f - ice beast, p - orc warrior
Aim: an ice beast (almost dead, 82% to hit)
The searing ray hits the orc warrior!
The orc warrior is almost dead.
The searing ray misses the ice beast. (Press . to maintain the ray.)
The orc warrior closely misses you. The orc closely misses you.
The searing ray hits the orc warrior but does no damage.
The orc warrior is almost dead.
The searing ray hits the ice beast.
You kill the ice beast!
Sif Muna accepts your kill.
The orc warrior hits you with a +0 flail.
The orc barely misses you.
Training target 3.0 for Translocations reached!
Your Translocations skill increases to level 3!
You need to enable at least one skill for training.
The searing ray misses the orc warrior.
The orc warrior hits you with a +0 flail!
The orc hits you with a +0 flail!
* * * LOW HITPOINT WARNING * * *
The searing ray hits the orc warrior but does no damage.
The orc warrior is almost dead.
You finish channelling your searing ray.
The orc warrior hits you with a +0 flail!
* * * LOW HITPOINT WARNING * * *
The orc hits you with a +0 flail.
You die...

.# #.................
.######.##.....#........ #
.##.....#........###... ##
..........##...###..... #.
...................# # ########.
......).....#..##########.)......
.........##.#.............#######
(..##.#.###....#..######### ##.
..#...#.####.#..@.# ####..
###.##..##..####oo# ......
##.##.###.## ♣..♣ #...
##..#..##..## .... .. #...
...(........# 8..8† ##.###..
.##.####.#### ......♣ .......
.##.####.# ...$..♣ .......
.........# ♣.8..8.♣ ...)..
........## ##....


You could see an orc warrior and an orc.

Vanquished Creatures
  Duvessa (D:5)
  2 ice beasts (D:5)
  2 ogres
  2 scorpions
  Dowan (D:5)
  2 howler monkeys (D:4)
  3 jellies
  3 hounds
  Crazy Yiuf (D:5)
  An orc priest (D:5)
  2 iguanas
  2 orc wizards (D:4)
  Ijyb (D:3)
  12 adders
  5 river rats (Sewer)
  A white imp (D:5)
  2 ufetubi
  2 worms (Sewer)
  7 orcs
  21 bats
  12 endoplasms
  11 giant cockroaches
  2 goblins
  7 hobgoblins
  7 jackals
  6 kobolds
  6 quokkas
  9 ball pythons
  5 frilled lizards
  6 rats
  A fulminant prism (D:4)
145 creatures vanquished.

Vanquished Creatures (others)
  13 fulminant prisms
13 creatures vanquished.

Grand Total: 158 creatures vanquished

Notes
Turn   | Place    | Note
-------+----------+-------------------------------------------
     0 | D:1      | RevDB the Deep Elf Conjurer began the quest for the Orb.
     0 | D:1      | Reached XP level 1. HP: 10/10 MP: 6/6
   230 | D:1      | Reached skill level 4 in Spellcasting
   230 | D:1      | Reached XP level 2. HP: 15/15 MP: 6/9
   264 | D:1      | Learned a level 2 spell: Searing Ray
   580 | D:1      | Reached skill level 5 in Conjurations
   602 | D:1      | Reached XP level 3. HP: 19/19 MP: 6/10
  1830 | D:3      | Reached XP level 4. HP: 22/24 MP: 7/12
  1915 | D:3      | Noticed Ijyb
  1923 | D:3      | Killed Ijyb
  1940 | D:3      | Learned a level 4 spell: Fulminant Prism
  2654 | D:4      | Reached skill level 5 in Spellcasting
  2654 | D:4      | Reached skill level 1 in Hexes
  2654 | D:4      | Reached XP level 5. HP: 21/28 MP: 4/14
  2788 | D:4      | Reached XP level 6. HP: 27/32 MP: 2/15
  2843 | D:4      | Found a staircase to the Ecumenical Temple.
  2870 | Temple   | Entered the Ecumenical Temple
  2942 | Temple   | Became a worshipper of Sif Muna the Loreminder
  3021 | D:4      | Reached skill level 5 in Hexes
  3025 | D:4      | Reached skill level 6 in Spellcasting
  3455 | D:4      | Reached skill level 7 in Spellcasting
  3455 | D:4      | Reached XP level 7. HP: 34/36 MP: 7/19
  3494 | D:5      | Entered Level 5 of the Dungeon
  3501 | D:5      | Found a glowing drain.
  3569 | Sewer    | Entered a sewer
  3624 | Sewer    | Reached * piety under Sif Muna
  4703 | D:5      | Noticed Duvessa
  4704 | D:5      | Noticed Dowan
  4707 | D:5      | Killed Dowan
  4709 | D:5      | Killed Duvessa
  4710 | D:5      | Reached skill level 8 in Spellcasting
  4710 | D:5      | Reached skill level 1 in Invocations
  4834 | D:5      | Reached skill level 1 in Translocations
  4834 | D:5      | Reached XP level 8. HP: 6/41 MP: 18/22
  4839 | D:5      | Learned a level 4 spell: Iskenderun's Mystic Blast
  5142 | D:5      | Found a runed translucent door.
  5143 | D:5      | Noticed Crazy Yiuf
  5151 | D:5      | Killed Crazy Yiuf
  5320 | D:5      | Reached skill level 9 in Spellcasting
  5482 | D:5      | HP: 1/41 [orc warrior/+0 flail (9)]
  5482 | D:5      | Slain by an orc

Illustrated notes

Levels and vault maps discovered:
D:1:      co_arrival_square_in_a_square_in_a_square, layout_basic,
          minmay_misc_feat_encased, minmay_misc_feat_chi, minivault_11
D:2:      layout_loops_ring, glass_columns_b
D:3:      layout_basic, uniq_ijyb
D:4:      minmay_angry_zag, layout_basic, minmay_temple_entry_slanted,
          chequers_serial_rivers_micro_e
D:5:      layout_rooms, gup_sewer_entry_glass, kennysheep_generic_room_5,
          uniq_crazy_yiuf_cottage, uniq_duvessa
Temple:   nicolae_temple_superstar

Skill      XL: |  1  2  3  4  5  6  7  8 |
---------------+-------------------------+-----
Spellcasting   | 4 5 7 8 9 |  9.0
Conjurations   | 5 6 |  6.0
Hexes          | 1 4 5 7 |  7.0
Dodging        | 3 |  3.0
Invocations    | 2 |  2.9
Translocations | 1 3 |  3.0
Stealth        | |  2.4

Action                   |  1- 3 |  4- 6 |  7- 9 || total
-------------------------+-------+-------+-------++-------
Melee: Short sword       |     3 |     2 |       ||     5
       Quarterstaff      |       |    23 |    15 ||    38
       Rapier            |       |       |     4 ||     4
 Cast: Magic Dart        |    71 |    57 |    78 ||   206
       Searing Ray       |     1 |     7 |     7 ||    15
       Fulminant Prism   |       |     4 |    10 ||    14
  Use: Scroll            |       |       |     9 ||     9
       Potion            |       |       |     2 ||     2
 Stab: Sleeping          |       |     1 |     1 ||     2
Armor: Robe              |     1 |       |       ||     1
       Leather armour    |       |    15 |    18 ||    33
Dodge: Dodged            |     3 |    22 |    44 ||    69

Table legend: (Time is in decaauts)
 A = Elapsed time spent in this place.
 B = Non-inter-level travel time spent in this place.
 C = Inter-level travel time spent in this place.
 D = Time resting spent in this place.
 E = Time spent auto-exploring this place.
 F = Levels seen in this place.
 G = Mean time per level.
                   A        B        C        D        E       F      G
               +--------+--------+--------+--------+--------+-----+--------+
         Total |   5610 |   5485 |    125 |   1205 |   1720 |   7 |  801.4 |
       Dungeon |   4294 |   4169 |    125 |    641 |   1720 |   5 |  858.8 |
        Temple |     88 |     88 |      0 |      0 |      0 |   1 |   88.0 |
         Sewer |   1227 |   1227 |      0 |    564 |      0 |   1 | 1227.0 |
               +--------+--------+--------+--------+--------+-----+--------+

Top non-repeatable levels by time:
   Sewer: 1227 daAuts
     D:1: 950 daAuts
     D:3: 907 daAuts
     D:5: 884 daAuts
     D:4: 784 daAuts
     D:2: 766 daAuts
  Temple: 88 daAuts
